 Dungeon Crawl Stone Soup version 0.28-a0-793-g31680bbd8b (webtiles) character file.

Game seed: 9879270298081039672

625 siradein the Ruffian (level 7, -2/105 HPs)
             Began as a Troll Berserker on Nov 5, 2021.
             Was an Elder of Trog.
             Succumbed to an orc warrior's poison
             ... on level 5 of the Dungeon.
             The game lasted 00:07:35 (3864 turns).

siradein the Ruffian (Troll Berserker)              Turns: 3864, Time: 00:07:36

Health: -2/105     AC:  4    Str: 26    XL:     7   Next: 23%
Magic:  3/6        EV:  6    Int:  3    God:    Trog [****..]
Gold:   293        SH: 11    Dex: 11    Spells: 6/6 levels left

rFire   . . .      SeeInvis .     - Unarmed
rCold   . . .      Faith    .   h - +0 tower shield
rNeg    . . .      Spirit   +   a - +0 animal skin
rPois   .          Reflect  .   (helmet restricted)
rElec   .          Harm     .   (no cloak)
rCorr   .          Rampage  .   (gloves unavailable)
Will    .....                   (boots unavailable)
Stlth   ..........              o - amulet of guardian spirit
HPRegen 1.27/turn               f - +4 ring of slaying
MPRegen 0.10/turn               (no ring)

@: berserking, lethally poisoned (-2 -> -12), very quick
A: large, unfitting armour, claws 3, regeneration 1, shaggy fur 1, tough skin 1
a: Renounce Religion, Berserk, Trog's Hand, Brothers in Arms


You were on level 5 of the Dungeon.
You worshipped Trog.
Trog was greatly pleased with you.
You visited 1 branch of the dungeon, and saw 5 of its levels.
You also visited: Sewer.

You collected 293 gold pieces.

Inventory:

Hand Weapons
 y - a +5 flail of protection
Missiles
 v - 3 javelins
 w - 25 poisoned darts (quivered)
Armour
 a - a +0 animal skin (worn)
 h - a +0 tower shield (worn)
Jewellery
 f - a +4 ring of slaying (left claw)
 o - an amulet of guardian spirit (around neck)
Wands
 j - a wand of paralysis (11)
 x - a wand of mindburst (9)
Scrolls
 d - 2 scrolls of teleportation
 e - 2 scrolls of fear
 m - a scroll of enchant armour {unknown}
 p - 2 scrolls of identify {unknown}
 s - a scroll of silence {unknown}
 u - a scroll of immolation
Potions
 b - a potion of resistance {unknown}
 c - 4 potions of heal wounds {unknown}
 g - 3 potions of invisibility
 i - a potion of berserk rage {unknown}
 k - 6 potions of magic {unknown}
 l - 3 potions of attraction {unknown}
 n - 2 potions of haste {unknown}
 q - 2 potions of mutation {unknown}
 r - a potion of might {unknown}
 t - 2 potions of degeneration {unknown}
 z - a potion of lignification {unknown}


   Skills:
 + Level 4.1 Fighting
 + Level 4.2 Dodging
 + Level 2.3 Shields
 + Level 5.0 Unarmed Combat


You had 6 spell levels left.
You didn't know any spells.
Your spell library was empty.

Dungeon Overview and Level Annotations

Branches:
Dungeon (5/15)              Sewer (visited)
 Temple: D:4-7

Altars:

Shops:
D:1 (   D:3 :


Innate Abilities, Weirdness & Mutations

You are too large for most types of armour.
You have claws for hands.
Your natural rate of healing is unusually fast.
You are covered in fur. (AC +1)
You have tough skin. (AC +1)


Message History

The orc warrior shouts!
You claw the orc!
You kill the orc!
Trog accepts your kill.
You see here a +0 club.
You completely miss the orc warrior.
The orc warrior hits you but does no damage.
You are poisoned.
You block the orc warrior's attack.
You claw the orc warrior!
The orc warrior is heavily wounded.
You feel very sick. The orc hits you with a +0 club.
The orc warrior hits you with a +2 short sword of venom.
You are more poisoned.
The orc hits you but does no damage.
You scratch the orc warrior but do no damage.
The orc warrior is heavily wounded.
You feel very sick. You block the orc warrior's attack.
You block the orc's attack.
You closely miss the orc warrior.
The orc warrior is heavily wounded.
You feel very sick.
The orc warrior hits you with a +2 short sword of venom!
You are more poisoned.
The orc hits you with a +0 club.
The orc warrior hits you with a +2 short sword of venom!
You are lethally poisoned!
* * * LOW HITPOINT WARNING * * *
You feel extremely sick.
* * * LOW HITPOINT WARNING * * *
You feel extremely sick. You block the orc's attack.
* * * LOW HITPOINT WARNING * * *
You feel extremely sick.
* * * LOW HITPOINT WARNING * * *
You feel very sick.
A red film seems to cover your vision as you go berserk!
You feel yourself moving faster!
You feel mighty!
You die...

## ##### ### .##
##.#.#### ##.##
..###....#..# ###...#
............# ###.....#
#........#.####.......#
.#.......#....#......##
.......####.....@....#
.......###.....##o...#
........#......#.o..##
..............##....##
..............#....).#
.###................##
..###.)))#...........
...#.#...>..#.........
............##..##.....


You could see an orc warrior and an orc.

Vanquished Creatures
  Edmund (D:4)
  An ogre (D:5)
  A scorpion (D:5)
  A centaur skeleton (D:5)
  Jessica (D:2)
  An iguana (D:4)
  A hound skeleton (D:5)
  4 gnolls (D:3)
  5 adders
  5 river rats (Sewer)
  A white imp (D:5)
  5 worms
  3 dart slugs (D:1)
  6 orcs
  8 endoplasms
  5 giant cockroaches
  9 goblins
  6 hobgoblins
  2 jackals (D:4)
  19 kobolds
  4 quokkas
  7 ball pythons
  4 bats
  7 frilled lizards
  23 rats
130 creatures vanquished.

Vanquished Creatures (others)
  2 plants (D:1)
2 creatures vanquished.

Grand Total: 132 creatures vanquished

Notes
Turn   | Place    | Note
-------+----------+-------------------------------------------
     0 | D:1      | siradein the Troll Berserker began the quest for the Orb.
     0 | D:1      | Reached XP level 1. HP: 22/22 MP: 0/0
   145 | D:1      | Reached XP level 2. HP: 29/29 MP: 1/1
   175 | D:1      | Found a faded altar of an unknown god.
   426 | D:1      | Reached XP level 3. HP: 36/36 MP: 2/2
   579 | D:1      | Found Sucsum's Antique Weapon Emporium.
   645 | D:2      | Reached ** piety under Trog
   828 | D:2      | Noticed Jessica
   832 | D:2      | Killed Jessica
   833 | D:2      | Reached XP level 4. HP: 45/45 MP: 3/3
  1691 | D:3      | Found Wiavov's Book Shop.
  1784 | D:3      | Reached skill level 4 in Unarmed Combat
  1943 | D:3      | Reached XP level 5. HP: 35/53 MP: 2/4
  2066 | D:4      | Found a glowing drain.
  2073 | D:4      | Reached *** piety under Trog
  2081 | Sewer    | Entered a sewer
  2097 | Sewer    | Reached skill level 1 in Shields
  2361 | Sewer    | Reached XP level 6. HP: 37/61 MP: 1/5
  2482 | Sewer    | Reached **** piety under Trog
  3142 | D:4      | Noticed Edmund
  3301 | D:4      | Killed Edmund
  3624 | D:5      | Entered Level 5 of the Dungeon
  3654 | D:5      | Reached XP level 7. HP: 70/70 MP: 6/6
  3695 | D:5      | Reached skill level 5 in Unarmed Combat
  3863 | D:5      | HP: 1/70 [poisoned by an orc warrior]
  3864 | D:5      | Succumbed to an orc warrior's poison

Illustrated notes

Levels and vault maps discovered:
D:1:      zelgadis_glass_arrival_small, layout_basic, serial_shops, shop,
          shapermc_ecumenical_altar_mp_ritualfount
D:2:      layout_loops_ring, uniq_jessica
D:3:      layout_basic, serial_shops, nicolae_shop_behind_doors
D:4:      layout_gridville, cheibrodos_sewer_entry_sluice, uniq_edmund
D:5:      lemuel_ratsnest, layout_cave_pools, kennysheep_windowed_goal

Skill      XL: |  1  2  3  4  5  6  7 |
---------------+----------------------+-----
Fighting       | 3 4 |  4.1
Dodging        | 3 4 |  4.2
Unarmed Combat | 4 5 |  5.0
Shields        | 1 2 |  2.3

Action                   |  1- 3 |  4- 6 |  7- 9 || total
-------------------------+-------+-------+-------++-------
Melee: Unarmed           |    74 |   192 |    18 ||   284
Throw: Dart              |       |    23 |       ||    23
Invok: Berserk           |       |     1 |     1 ||     2
  Use: Scroll            |       |     5 |       ||     5
 Stab: Sleeping          |     1 |       |       ||     1
Armor: Animal skin       |    26 |    71 |     8 ||   105
Dodge: Dodged            |    36 |    49 |     3 ||    88
Block: Tower shield      |       |   137 |    12 ||   149

Table legend: (Time is in decaauts)
 A = Elapsed time spent in this place.
 B = Non-inter-level travel time spent in this place.
 C = Inter-level travel time spent in this place.
 D = Time resting spent in this place.
 E = Time spent auto-exploring this place.
 F = Levels seen in this place.
 G = Mean time per level.
                   A        B        C        D        E       F      G
               +--------+--------+--------+--------+--------+-----+--------+
         Total |   3966 |   3872 |     94 |     16 |   2827 |   6 |  661.0 |
       Dungeon |   3344 |   3250 |     94 |     16 |   2457 |   5 |  668.8 |
         Sewer |    622 |    622 |      0 |      0 |    370 |   1 |  622.0 |
               +--------+--------+--------+--------+--------+-----+--------+

Top non-repeatable levels by time:
     D:4: 1019 daAuts
     D:2: 745 daAuts
     D:3: 712 daAuts
   Sewer: 622 daAuts
     D:1: 620 daAuts
     D:5: 247 daAuts
